 Dungeon Crawl Stone Soup version 0.25.1-2-g60ff931df9 (webtiles) character file.

Game seed: 6906528530632630873

507138 Luthien the Ruinous (level 23, -26/144 HPs)
             Began as a Deep Elf Conjurer on Sept 2, 2020.
             Was the Champion of Vehumet.
             Killed from afar by a moon troll (40 damage)
             ... with a bolt of acid
             ... in a wizard's laboratory on Sept 3, 2020.
             The game lasted 07:44:57 (71646 turns).

Luthien the Ruinous (Deep Elf Conjurer)            Turns: 71646, Time: 07:44:59

Health: -26/144    AC: 30    Str:  5    XL:     23   Next: 86%
Magic:  27/50      EV: 12    Int: 35    God:    Vehumet [******]
Gold:   2105       SH: 13    Dex: 15    Spells: 21/64 levels left

rFire    + + +     SeeInvis +   a - +3 Elemental Staff {rElec rF++ rC++ MR++ AC+5}
rCold    + + +     Gourm    .   i - +2 kite shield {AC+3}
rNeg     + + +     Faith    .   A - +7 swamp dragon scales
rPois    +         Spirit   .   l - +2 helmet
rElec    +         Reflect  .   x - +1 cloak "Bekamoj" {rN++}
rCorr    .         Harm     .   C - +1 pair of gloves of the Frog {rF+ rC++ Slay+3}
MR       ++++.                  I - +0 pair of boots "Sirhen" {rF+ Int+4 SInv}
Stlth    +++++.....             f - amulet of magic regeneration
HPRegen  0.34/turn              t - ring of wizardry
MPRegen  0.57/turn              O - ring of Gozag's Brutal Revenge {*Drain +Blink +Fly rElec rN+ Stlth+}

@: corroded
A: thin metallic scales 1, see invisible
}: 3/15 runes: decaying, slimy, gossamer
a: Renounce Religion, Evoke Blink, Evoke Flight


You were in a wizard's laboratory.
You worshipped Vehumet.
Vehumet was exalted by your worship.
You were hungry.

You visited 9 branches of the dungeon, and saw 46 of its levels.
You also visited: Volcano, Wizlab and Desolation.

You collected 5344 gold pieces.
You spent 3239 gold pieces at shops.

Inventory:

Hand Weapons
 a - the +3 Elemental Staff (weapon) {rElec rF++ rC++ MR++ AC+5}
   (You found it on level 5 of the Pits of Slime)

   It affects your AC (+5).
   It greatly protects you from fire.
   It greatly protects you from cold.
   It insulates you from electricity.
   It affects your resistance to hostile enchantments.
 b - the +7 long sword "Ulymef" {vorpal, rPois rC+ Dex+3}
   (You bought it in a shop on level 2 of the Orcish Mines)

   It inflicts extra damage upon your enemies.
   It affects your dexterity (+3).
   It protects you from cold.
   It protects you from poison.
Missiles
 d - 1126 arrows
 j - 4 silver boomerangs
 m - 8 curare-tipped darts
 r - 40 poisoned darts
 y - 112 sling bullets
 B - 1174 stones
 G - 17 silver javelins
 M - 18 javelins (quivered)
 N - 5 throwing nets
Armour
 i - a +2 kite shield of protection (worn)
 l - a +2 helmet (worn)
 x - the +1 cloak "Bekamoj" (worn) {rN++}
   (You found it on level 3 of the Vaults)

   It greatly protects you from negative energy.
 A - +7 swamp dragon scales (worn)
 C - the +1 pair of gloves of the Frog (worn) {rF+ rC++ Slay+3}
   (You bought it in a shop on level 4 of the Vaults)

   It affects your accuracy and damage with ranged weapons and melee attacks
   (+3).
   It protects you from fire.
   It greatly protects you from cold.
 I - the +0 pair of boots "Sirhen" (worn) {rF+ Int+4 SInv}
   (You bought it in a shop on level 10 of the Dungeon)

   It affects your intelligence (+4).
   It protects you from fire.
   It lets you see invisible.
 L - quicksilver dragon scales
 W - the +2 shield of Resistance {rF+ rC+ MR+}
   (You took it off a human on level 13 of the Dungeon)

   It protects you from fire.
   It protects you from cold.
   It affects your resistance to hostile enchantments.
Jewellery
 f - an amulet of magic regeneration (around neck)
 t - a ring of wizardry (left hand)
 J - the ring "Xarche Megij" {Ice *Corrode rN+++ Str+3 Slay+3, unknown}
   (You found it in a wizard's laboratory)

   [ring of ice]

   It enhances your ice magic.
   It affects your strength (+3).
   It affects your accuracy and damage with ranged weapons and melee attacks
   (+3).
   It makes you vulnerable to fire.
   It protects you from cold.
   It renders you almost immune to negative energy.
   It may corrode you when you take damage.
 O - the ring of Gozag's Brutal Revenge (right hand) {*Drain +Blink +Fly rElec rN+ Stlth+}
   (You bought it in a shop on level 2 of the Orcish Mines)

   [ring of flight]

   It insulates you from electricity.
   It protects you from negative energy.
   It lets you fly.
   It lets you blink.
   It causes draining when unequipped.
   It makes you more stealthy.
Wands
 u - a wand of acid (40)
 V - a wand of disintegration (11)
 X - a wand of flame (106)
 Z - a wand of iceblast (47)
Scrolls
 e - 6 scrolls of fog
 k - 16 scrolls of teleportation
 q - 5 scrolls of remove curse
 s - 5 scrolls of magic mapping
 z - a scroll of holy word
 P - a scroll of enchant weapon
 Q - a scroll of summoning
Potions
 n - 3 potions of cancellation
 o - 13 potions of curing
 v - 5 potions of ambrosia
 w - 3 potions of brilliance
 D - 4 potions of magic
 E - a potion of haste
 K - 9 potions of flight
 S - 2 potions of heal wounds
 T - 3 potions of resistance
 U - a potion of invisibility
 Y - 5 potions of mutation
Miscellaneous
 g - a lightning rod (4/4)
 p - 3 phantom mirrors
 F - a phial of floods
 H - 2 boxes of beasts
 R - a tin of tremorstones (3/3)
Comestibles
 c - 67 rations


   Skills:
 - Level 15.0 Fighting
 - Level 6.0 Armour
 - Level 9.0 Dodging
 - Level 10.0 Stealth
 - Level 12.0 Shields
 + Level 21.2 Spellcasting
 + Level 22.5 Conjurations
 - Level 6.0 Hexes
 - Level 4.0 Translocations
 - Level 4.0 Transmutations
 - Level 20.0 Fire Magic
 + Level 9.5 Earth Magic
 + Level 7.8 Evocations


You had 21 spell levels left.
You knew the following spells:

 Your Spells              Type           Power        Failure   Level  Hunger
a - Magic Dart            Conj           ####         0%          1    None
b - Searing Ray           Conj           ######       0%          2    None
i - Iskenderun's Mystic   Conj/Tloc      #######.     1%          4    None
p - Fulminant Prism       Conj/Hex       #######...   1%          4    None
A - Bolt of Magma         Conj/Fire/Erth #########.   1%          5    None
B - Irradiate             Conj/Tmut      #######...   1%          5    None
C - Ignition              Fire           ########..   1%          8    ###....
D - Fire Storm            Conj/Fire      ########..   9%          9    #####..
F - Fireball              Conj/Fire      ########..   0%          5    None

Your spell library contained the following spells:

 Spells                   Type           Power        Failure   Level  Hunger
 Shatter                  Erth           ########..   99%         9    #####..
 Tornado                  Air            ######....   100%        9    #####..
 Foxfire                  Conj/Fire      ####         0%          1    None
 Conjure Flame            Conj/Fire      ########     0%          3    None
 Sticky Flame             Conj/Fire      ########     0%          4    None
 Beastly Appendage        Tmut           ######       1%          1    None
 Corona                   Hex            ######.      1%          1    None
 Sting                    Tmut/Pois      ####         1%          1    None
 Summon Butterflies       Summ           #####...     1%          1    None
 Summon Small Mammal      Summ           ####         1%          1    None
 Slow                     Hex            ######..     1%          2    None
 Sticks to Snakes         Tmut           ######..     1%          2    None
 Dazzling Flash           Conj/Hex       ######       1%          3    None
 Gell's Gravitas          Tloc           ######....   1%          3    None
 Ignite Poison            Fire/Tmut/Pois #######.     1%          3    None
 Inner Flame              Hex/Fire       ########     1%          3    None
 Mephitic Cloud           Conj/Pois/Air  #######.     1%          3    None
 Portal Projectile        Hex/Tloc       ######       1%          3    None
 Cause Fear               Hex            ######....   1%          4    None
 Leda's Liquefaction      Hex/Erth       #######...   1%          4    None
 Poisonous Vapours        Pois/Air       ######       2%          2    None
 Spider Form              Tmut/Pois      ######....   2%          3    None
 Freezing Cloud           Conj/Ice/Air   ########..   3%          6    None
 Olgreb's Toxic Radiance  Pois           #####...     5%          4    None
 Call Canine Familiar     Summ           #####...     6%          3    None
 Ice Form                 Ice/Tmut       ######..     9%          4    None
 Blade Hands              Tmut           ######....   10%         5    None
 Summon Ice Beast         Ice/Summ       ######..     17%         4    None
 Ring of Flames           Chrm/Fire      ########..   24%         7    None
 Dispersal                Tloc           ######....   45%         6    None
 Dragon Form              Tmut           ######....   95%         7    None
 Malign Gateway           Summ/Tloc      ######....   99%         7    None
 Controlled Blink         Tloc           N/A          100%        8    ###....
 Disjunction              Tloc           ######....   100%        8    ###....
 Dragon's Call            Summ           #####.....   100%        9    #####..


Dungeon Overview and Level Annotations

Branches:
Dungeon (15/15)            Temple (0/1) D:5            Lair (6/6) D:9
  Swamp (4/4) Lair:2       Spider (4/4) Lair:3        Slime (5/5) Lair:6
    Orc (2/2) D:11            Elf (2/3) Orc:2        Vaults (5/5) D:13
  Crypt (0/3) Vaults:3     Depths (3/5) D:15        Volcano (visited)
 WizLab (1/1)             Desolation (visited)

Altars:
Ashenzari
Cheibriados
Dithmenos
Elyvilon
Kikubaaqudgha
Makhleb
Qazlal
Ru
Sif Muna
Uskayaw
Vehumet
Yredelemnul
Zin
The Shining One

Shops:
D:4 }   D:10 %%[[   D:13 (   D:14 *   D:15 =   Orc:2 =}[(*   Vaults:1 [
Vaults:4 *

Portals:
Hell: Depths:1 Depths:2
Abyss: Depths:2
Pandemonium: Depths:2

Annotations:
D:10 fly
Spider:1 fly
Spider:2 3 runed translucent doors && fly, Bolleh's ghost, journeyman GnSk
Depths:2 2 transporters WizLab 1 transporter


Innate Abilities, Weirdness & Mutations

You are partially covered in thin metallic scales. (AC +2)
You have supernaturally acute eyesight. (SInv)


Message History

The floor.
Unknown command.
Unknown command.
Unknown command.
Unknown command.
Unknown command.
Casting: Bolt of Magma (safe; 1% risk of failure)
Confirm with . or Enter, or press ? or * to list all spells.
You feel a surge of power!
The air bursts into flame!
The fireball engulfs the moon troll but does no damage.
The moon troll is almost dead.
The fireball engulfs the stone giant!
The stone giant is heavily wounded.
The fireball engulfs the stone giant!!
The stone giant is severely wounded.
The fireball engulfs the moon troll but does no damage.
The moon troll is almost dead.
The moon troll casts a spell at you. The bolt of acid hits you!!!
You die...

#P###..# #. ###©#...#.#P..#..
#..# .. .. #..##....##..##.
...#.. ..#...#..#..'..... ...#
#...#..#..'..... ...#
#...#..#..'..... #..#
##..##....##..##. #...#
#...#...#.#P..#.. # ..# .
##...#.....##..#.. ## ..# ......
##@..####....###### .#
..###...###....#..##..##..... .##
..........T...##...#''#P...PP
..## .........C..##....#..#......
...### ........###.....#.......P.
.....####...####.......#..##.....
........#####......##..#...######
##.#...................##........
##...(..............#...##P......


You could see a moon troll and a stone giant.

Vanquished Creatures
  the Royal Jelly (Slime:5)
  Mara (Depths:2)
  Saint Roka (Depths:2)
  A golden dragon (Vaults:4)
  Nikola (Depths:2)
  A lich (Vaults:5)
  A tentacled monstrosity (Vaults:4)
  Jorgrun (D:12)
  Rupert (Orc:2)
  A quicksilver dragon (WizLab)
  36 acid blobs
  A deep elf blademaster (Elf:2)
  A sphinx (Vaults:5)
  10 tentacled starspawn (WizLab)
  Gastronok (D:12)
  A thorn hunter (Swamp:3)
  Kirke (Lair:6)
  The ghost of Luthien the Eclecticist, an adept DECj of Vehumet (D:15)
  15 azure jellies
  5 tengu reavers
  A fire giant (Depths:3)
  14 vault wardens
  2 frost giants
  5 ghost moths
  An orc warlord (Orc:2)
  A cacodemon (WizLab)
  2 angels (Elf:2)
  7 emperor scorpions
  3 deep elf elementalists
  8 ironheart preservers
  A reaper (Depths:2)
  12 very ugly things
  15 stone giants
  8 entropy weavers
  A war gargoyle (WizLab)
  4 deep elf demonologists
  The ghost of ZZKoverts the Blocker, a journeyman OpFi of Hepliaklqana (Lair:6)
  A spark wasp (Spider:4)
  3 deep elf annihilators
  A minotaur (D:15)
  12 ettins
  8 death oozes (Slime:5)
  An ettin (shapeshifter) (Vaults:1)
  3 crystal guardians
  Josephine (Lair:6)
  15 great orbs of eyes
  13 fire dragons
  7 yaktaur captains
  A deep elf high priest (Vaults:5)
  2 ice dragons
  3 ragged hierophants (Desolation)
  A rakshasa (Depths:2)
  4 peacekeepers (Desolation)
  A servant of whispers (Desolation)
  36 vault guards
  A catoblepas (Lair:5)
  A shambling mangrove (Swamp:4)
  13 alligators
  2 ghost crabs
  8 centaur warriors
  Erica (D:8)
  22 hydras
  10 ogre magi
  24 dancing weapons
  2 deep troll shamans (Depths:1)
  34 two-headed ogres
  2 tengu warriors
  A death knight (D:15)
  Urug (Lair:2)
  6 deep troll earth magi
  18 deep elf knights
  3 orc high priests (Orc:2)
  10 spriggans
  A wretched star (WizLab)
  Sonja (Lair:5)
  3 iron trolls
  2 fire crabs (Swamp:4)
  2 shadow wraiths (Vaults:4)
  An orange crystal statue (WizLab)
  7 glowing orange brains
  18 deep trolls
  2 unseen horrors (D:15)
  An unseen horror (shapeshifter) (D:10)
  10 wizards
  A flayed ghost (Vaults:3)
  3 spriggan druids (Swamp:4)
  10 deep elf archers
  A torturous demonspawn (Depths:2)
  2 starcursed masses (WizLab)
  3 lindwurms
  A harpy (shapeshifter) (D:15)
  7 swamp dragons
  15 ironbrand convokers
  17 orc knights
  A tengu zombie (Depths:1)
  19 orb spiders
  A wolf spider zombie (D:13)
  4 orc sorcerers
  A fire giant zombie (Depths:1)
  35 ugly things
  8 harpies
  47 deep elf magi
  3 necromancers
  2 manticores
  An oklob plant (Lair:1)
  38 wolf spiders
  6 cyclopes
  8 shining eyes
  5 toenail golems (Volcano)
  4 centaur zombies
  13 vault sentinels
  A guardian serpent (Desolation)
  2 black mambas (Lair:6)
  5 eyes of devastation
  A guardian serpent (shapeshifter) (Depths:1)
  A smoke demon (Depths:2)
  A rust devil (Depths:2)
  6 elephants (Lair:5)
  A molten gargoyle (Desolation)
  A black mamba (shapeshifter) (D:13)
  6 torpor snails
  A gargoyle (D:11)
  A storm dragon simulacrum (Vaults:1)
  22 spiny frogs
  Psyche (D:8)
  34 yaktaurs
  3 kobold demonologists
  5 rime drakes
  3 human zombies
  A freezing wraith (Vaults:5)
  3 tengu conjurers
  2 efreet
  6 komodo dragons
  2 yaktaurs (shapeshifter)
  A queen bee (shapeshifter) (Vaults:3)
  13 demonic crawlers
  12 trolls
  26 hornets
  A jumping spider (shapeshifter) (Depths:1)
  3 meliai (Spider:2)
  42 jumping spiders
  A merfolk (D:15)
  19 saltlings
  7 blink frogs
  122 slime creatures
  A fire giant simulacrum (Vaults:4)
  13 tyrant leeches
  A shadow dragon simulacrum (Vaults:4)
  A tyrant leech (shapeshifter) (Vaults:2)
  8 bog bodies
  A deep troll zombie (Depths:1)
  12 hippogriffs
  An ettin zombie (Vaults:4)
  Sigmund (D:5)
  2 air elementals (Elf:1)
  84 redbacks
  A spriggan (shapeshifter) (Elf:1)
  5 water elementals
  40 tarantellas
  6 wyverns
  A redback (shapeshifter) (Vaults:1)
  2 shadows
  2 vampires
  35 yaks
  5 wraiths
  2 tarantellas (shapeshifter)
  A ynoxinul (Depths:2)
  A golden eye (shapeshifter) (Depths:1)
  11 humans (D:13)
  2 fire bats (Swamp:4)
  23 golden eyes
  2 neqoxecs (WizLab)
  7 steam dragons
  3 basilisks (Lair:6)
  24 vampire mosquitoes
  Menkaure (D:5)
  3 hungry ghosts
  A swamp worm (shapeshifter) (Vaults:3)
  A yaktaur simulacrum (Vaults:3)
  4 wargs
  A soldier ant (shapeshifter) (Depths:1)
  A soldier ant (D:8)
  19 swamp worms
  13 water moccasins
  2 acid dragons
  7 porcupines
  13 swamp drakes
  2 floating eyes (Slime:5)
  2 black bears
  56 orc warriors
  An ice beast (D:4)
  7 sky beasts
  A deep troll simulacrum (Depths:1)
  4 phantoms
  12 eyes of draining
  3 necrophages
  5 boggarts (Depths:2)
  20 centaurs
  34 ogres
  18 crocodiles
  9 wolves
  5 big kobolds
  A yaktaur zombie (Vaults:1)
  24 bullfrogs
  3 earth elementals (Elf:2)
  2 wyvern skeletons
  4 scorpions
  A water moccasin skeleton (D:10)
  5 killer bees
  4 electric eels
  4 wights (D:12)
  9 howler monkeys
  6 crimson imps
  3 quasits
  2 bullfrog zombies
  5 hounds
  4 jellies
  19 orc wizards
  4 centaur skeletons
  12 orc priests
  A gnoll shaman (D:6)
  4 bullfrog skeletons
  7 iguanas
  12 human skeletons (Vaults:4)
  11 worker ants
  Natasha (thrice) (D:2)
  A hound zombie (D:5)
  A howler monkey zombie (D:5)
  2 worker ant zombies (D:11)
  Robin (D:2)
  15 gnolls
  8 adders
  4 shadow imps
  3 oozes
  2 adder skeletons
  An adder zombie (D:7)
  6 leopard geckos
  84 orcs
  6 giant cockroaches
  13 goblins
  9 hobgoblins
  3 jackals (D:3)
  6 quokkas
  9 bats
  3 frilled lizards
  A jackal skeleton (D:5)
  16 kobolds
  10 rats
  A fulminant prism (Depths:2)
  13 fungi
  10 plants
  3 starspawn tentacles (WizLab)
2024 creatures vanquished.

Vanquished Creatures (collateral kills)
  An emperor scorpion (Spider:1)
  A jumping spider (Spider:1)
2 creatures vanquished.

Vanquished Creatures (others)
  A two-headed ogre (Depths:2)
  A deep troll (Depths:2)
  A wizard (Volcano)
  A lindwurm (Swamp:4)
  A tengu conjurer (Depths:2)
  3 humans (Lair:6)
  3 swamp drakes (Swamp:4)
  An ogre (Depths:2)
  An orc wizard (D:15)
  2 demonic plants (WizLab)
  427 fulminant prisms
  3 fungi
  24 plants
  5 starspawn tentacles (WizLab)
474 creatures vanquished.

Grand Total: 2500 creatures vanquished

Notes
Turn   | Place    | Note
-------+----------+-------------------------------------------
     0 | D:1      | Luthien the Deep Elf Conjurer began the quest for the Orb.
     0 | D:1      | Reached XP level 1. HP: 10/10 MP: 6/6
   175 | D:1      | Reached XP level 2. HP: 15/15 MP: 2/8
   179 | D:1      | Learned a level 2 spell: Searing Ray
   452 | D:1      | Reached XP level 3. HP: 19/19 MP: 5/10
  1625 | D:2      | Reached XP level 4. HP: 24/24 MP: 5/11
  1894 | D:2      | Found a hide-covered altar of Uskayaw.
  1895 | D:2      | Noticed a +0 hand axe
  1895 | D:2      | Noticed a +0 dagger
  1944 | D:2      | Noticed Natasha
  1946 | D:2      | Killed Natasha
  1946 | D:2      | Reached skill level 5 in Conjurations
  1976 | D:2      | Noticed Natasha
  1980 | D:2      | Killed Natasha
  2000 | D:2      | Noticed Natasha
  2004 | D:2      | Killed Natasha
  2004 | D:2      | Reached XP level 5. HP: 28/28 MP: 6/13
  2283 | D:2      | Noticed Robin
  2415 | D:2      | Killed Robin
  2415 | D:2      | Reached skill level 1 in Fighting
  2587 | D:2      | Reached skill level 5 in Spellcasting
  2715 | D:2      | Reached XP level 6. HP: 34/34 MP: 9/15
  2767 | D:2      | Learned a level 4 spell: Fulminant Prism
  2772 | D:2      | Learned a level 4 spell: Iskenderun's Mystic Blast
  3137 | D:3      | Found a sacrificial altar of Ru.
  4114 | D:4      | Reached skill level 6 in Conjurations
  4197 | D:4      | Reached XP level 7. HP: 40/40 MP: 5/18
  4404 | D:4      | Found Ucarhuun's Gadget Shoppe.
  4500 | D:4      | Found a basalt altar of Yredelemnul.
  5194 | D:4      | Noticed Eustachio
  5195 | D:4      | Noticed Eustachio
  5195 | D:4      | Eustachio changed into Eustachio the worker ant
  5199 | D:4      | Killed Eustachio the worker ant
  5444 | D:4      | Reached skill level 7 in Conjurations
  5519 | D:4      | Found a glowing golden altar of the Shining One.
  5588 | D:5      | Entered Level 5 of the Dungeon
  5607 | D:5      | You fall into a shaft and drop 1 floor!
  5691 | D:6      | Reached XP level 8. HP: 46/46 MP: 15/21
  5693 | D:6      | You fall into a shaft and drop 2 floors!
  5722 | D:8      | Noticed Psyche
  5892 | D:7      | Noticed a hippogriff
  5897 | D:7      | Killed a hippogriff
  6075 | D:7      | Reached skill level 8 in Conjurations
  6890 | D:6      | Reached XP level 9. HP: 53/53 MP: 14/24
  6972 | D:6      | Found a shimmering blue altar of Sif Muna.
  6973 | D:6      | Found a snail-covered altar of Cheibriados.
  6976 | D:6      | Found a radiant altar of Vehumet.
  6977 | D:6      | Found a stormy altar of Qazlal.
  6982 | D:6      | Reached skill level 5 in Fighting
  6983 | D:6      | Found a shattered altar of Ashenzari.
  6984 | D:6      | Found a shadowy altar of Dithmenos.
  6989 | D:6      | Became a worshipper of Vehumet
  7525 | D:7      | Reached skill level 9 in Conjurations
  7619 | D:7      | Got a pair of translucent boots
  7625 | D:7      | Identified the +2 pair of boots of the Cockatrice {Harm
                  | Slay+5} (You found it on level 7 of the Dungeon)
  7766 | D:7      | Found an ancient bone altar of Kikubaaqudgha.
  8296 | D:8      | Reached skill level 10 in Spellcasting
  8441 | D:8      | Reached skill level 1 in Hexes
  8505 | D:8      | Reached skill level 1 in Translocations
  8567 | D:8      | Reached skill level 1 in Shields
  8840 | D:8      | Noticed Erica
  8846 | D:8      | Killed Erica
  8846 | D:8      | Reached * piety under Vehumet
  8846 | D:8      | Offered knowledge of Freeze by Vehumet.
  8846 | D:8      | Reached XP level 10. HP: 60/60 MP: 18/26
  9119 | D:8      | Killed Psyche
  9471 | D:8      | Reached skill level 10 in Conjurations
 10363 | D:9      | Found a staircase to the Lair.
 10400 | D:9      | Reached skill level 5 in Hexes
 11013 | D:10     | Entered Level 10 of the Dungeon
 11117 | D:10     | Reached ** piety under Vehumet
 11117 | D:10     | Offered knowledge of Sandblast by Vehumet.
 11319 | D:10     | Found Ena Wemn's Armour Shoppe.
 11349 | D:10     | Bought a +2 helmet for 231 gold pieces
 11393 | D:10     | Found Kasehes's Antique Armour Shop.
 11401 | D:10     | Bought a heavily jewelled robe for 108 gold pieces
 11411 | D:10     | Identified the +0 robe of Narcissism {Str+3 Int+5 SInv}
                  | (You bought it in a shop on level 10 of the Dungeon)
 11528 | D:10     | Noticed a two-headed ogre
 11534 | D:10     | Reached XP level 11. HP: 66/66 MP: 20/28
 11538 | D:10     | Killed a two-headed ogre
 11831 | D:10     | Found Atuqe's Food Boutique.
 11928 | D:10     | Noticed an unseen horror
 11931 | D:10     | Killed an unseen horror
 12125 | D:10     | Found Foilahech's Food Shoppe.
 12462 | D:11     | Reached skill level 11 in Conjurations
 12790 | D:5      | Found a staircase to the Ecumenical Temple.
 12953 | D:5      | Noticed Sigmund
 12957 | D:5      | Killed Sigmund
 12957 | D:5      | Reached skill level 5 in Stealth
 13161 | D:5      | Offered knowledge of Static Discharge by Vehumet.
 13253 | D:5      | Noticed Menkaure
 13258 | D:5      | Killed Menkaure
 13584 | Lair:1   | Entered Level 1 of the Lair of Beasts
 13602 | Lair:1   | Noticed an oklob plant
 13659 | Lair:1   | Got a slimy robe
 13670 | Lair:1   | Identified the +0 robe of Surprise {rPois rF- Int+5 Slay+6}
                  | (You found it on level 1 of the Lair of Beasts)
 13766 | Lair:1   | Reached skill level 5 in Dodging
 14525 | Lair:1   | Killed an oklob plant
 15202 | Lair:2   | Reached XP level 12. HP: 73/73 MP: 24/30
 15241 | Lair:2   | Found a snail-covered altar of Cheibriados.
 15489 | Lair:2   | Reached *** piety under Vehumet
 15589 | Lair:2   | Found a staircase to the Swamp.
 16125 | Lair:2   | Noticed Urug
 16132 | Lair:2   | Killed Urug
 16609 | Lair:3   | Found a hole to the Spider Nest.
 17739 | Lair:4   | Reached skill level 12 in Conjurations
 17805 | Lair:4   | Offered knowledge of Ignite Poison by Vehumet.
 18150 | Lair:4   | Noticed a six-headed hydra
 18156 | Lair:4   | Killed a six-headed hydra
 18835 | Lair:5   | Reached **** piety under Vehumet
 18863 | Lair:5   | Noticed Sonja
 18866 | Lair:5   | Killed Sonja
 18989 | Lair:5   | Offered knowledge of Olgreb's Toxic Radiance by Vehumet.
 19102 | Lair:5   | Noticed a catoblepas
 19202 | Lair:5   | Reached XP level 13. HP: 80/80 MP: 30/33
 20384 | D:11     | Found a staircase to the Orcish Mines.
 20824 | D:11     | Reached ***** piety under Vehumet
 20830 | D:11     | Offered knowledge of Fireball by Vehumet.
 21039 | D:11     | Learned a level 5 spell: Fireball
 21097 | D:11     | Reached skill level 13 in Conjurations
 21487 | D:12     | Reached skill level 1 in Fire Magic
 22044 | D:12     | Noticed Gastronok
 22051 | D:12     | Killed Gastronok
 22110 | D:12     | Noticed Jorgrun
 22238 | D:12     | Killed Jorgrun
 22238 | D:12     | Reached skill level 15 in Spellcasting
 22767 | D:13     | Reached skill level 5 in Fire Magic
 22806 | D:13     | Reached skill level 10 in Fighting
 23054 | D:13     | Found Atorgh's Weapon Shoppe.
 23640 | D:13     | Found a gate to the Vaults.
 23823 | D:13     | Reached XP level 14. HP: 88/88 MP: 17/35
 24693 | D:14     | Found Vajereiff's Assorted Antiques.
 24776 | D:14     | Bought a metal-bound book for 435 gold pieces
 25237 | Swamp:1  | Entered Level 1 of the Swamp
 25752 | Swamp:2  | Reached skill level 5 in Shields
 25799 | Swamp:2  | Reached skill level 14 in Conjurations
 25948 | Swamp:2  | Offered knowledge of Starburst by Vehumet.
 26056 | Swamp:2  | Noticed a white very ugly thing
 26231 | Swamp:2  | Killed a white very ugly thing
 27528 | Swamp:1  | Got a smoking ring mail
 27539 | Swamp:1  | Identified the cursed +0 ring mail of Tomorrow {rC++ Str+2
                  | Int+2 Slay-2} (You found it on level 1 of the Swamp)
 27634 | Swamp:3  | Reached skill level 10 in Fire Magic
 27824 | Swamp:3  | Noticed a thorn hunter
 27826 | Swamp:3  | Killed a thorn hunter
 27826 | Swamp:3  | Reached XP level 15. HP: 93/93 MP: 29/36
 28663 | Swamp:4  | Entered Level 4 of the Swamp
 28904 | Swamp:4  | Offered knowledge of Bolt of Magma by Vehumet.
 28940 | Swamp:4  | Learned a level 5 spell: Bolt of Magma
 29746 | Swamp:4  | Reached skill level 15 in Conjurations
 29893 | Swamp:4  | Reached skill level 1 in Earth Magic
 30455 | Swamp:4  | Got a decaying rune of Zot
 30972 | D:10     | Bought the cursed +0 pair of boots "Sirhen" {rF+ Int+4
                  | SInv} for 393 gold pieces
 31003 | D:10     | Bought an ichor-stained leather armour for 133 gold pieces
 31003 | D:10     | Bought a glowing scarf for 152 gold pieces
 31033 | D:10     | Identified the +1 leather armour of Olaneug {Regen+ Str-3
                  | Dex-4 Stlth+} (You bought it in a shop on level 10 of the
                  | Dungeon)
 31332 | Lair:6   | Entered Level 6 of the Lair of Beasts
 31336 | Lair:6   | Noticed Josephine
 31339 | Lair:6   | Killed Josephine
 31409 | Lair:6   | Noticed Kirke
 31413 | Lair:6   | Killed Kirke
 31471 | Lair:6   | Found a large runed translucent door.
 31471 | Lair:6   | Found a large runed translucent door.
 31530 | Lair:6   | Reached XP level 16. HP: 100/100 MP: 25/37
 32106 | Lair:6   | Reached ****** piety under Vehumet
 32310 | Lair:6   | Found a staircase to the Slime Pits.
 32341 | Lair:6   | Reached skill level 5 in Earth Magic
 32414 | Lair:6   | Noticed ZZKoverts's ghost (journeyman OpFi)
 32518 | Lair:6   | Found a runed translucent door.
 32533 | Lair:6   | Offered knowledge of Irradiate by Vehumet.
 32540 | Lair:6   | Learned a level 5 spell: Irradiate
 32835 | Lair:6   | Reached skill level 1 in Transmutations
 33298 | Lair:6   | Killed ZZKoverts's ghost
 33535 | Spider:1 | Entered Level 1 of the Spider Nest
 33709 | Spider:1 | Offered knowledge of Ozocubu's Refrigeration by Vehumet.
 35089 | Spider:2 | Found a runed translucent gate.
 35089 | Spider:2 | Found a runed translucent gate.
 35089 | Spider:2 | Found a runed translucent gate.
 35089 | Spider:2 | Noticed Bolleh's ghost (journeyman GnSk)
 35308 | Spider:2 | Offered knowledge of Yara's Violent Unravelling by Vehumet.
 35882 | Spider:2 | Reached skill level 16 in Conjurations
 36080 | Spider:2 | Reached XP level 17. HP: 107/107 MP: 22/38
 37008 | Spider:3 | Offered knowledge of Ignition by Vehumet.
 37070 | Spider:2 | Learned a level 8 spell: Ignition
 37354 | Spider:4 | Entered Level 4 of the Spider Nest
 37982 | Spider:4 | Got a wavering golden ring
 39809 | Spider:4 | Got a gossamer rune of Zot
 40000 | D:9      | Identified the ring "Fufodd" {rN+ Stlth+} (You found it on
                  | level 4 of the Spider Nest)
 40378 | D:14     | Bought a scroll of identify for 58 gold pieces
 40470 | Orc:1    | Entered Level 1 of the Orcish Mines
 40563 | Orc:1    | Offered knowledge of Fire Storm by Vehumet.
 40563 | Orc:1    | Offered knowledge of Shatter by Vehumet.
 40563 | Orc:1    | Offered knowledge of Tornado by Vehumet.
 40623 | Orc:1    | Found a dark tunnel.
 40660 | Volcano  | Entered a volcano
 41205 | Orc:2    | Entered Level 2 of the Orcish Mines
 41209 | Orc:2    | Noticed Rupert
 41441 | Vaults:1 | Entered Level 1 of the Vaults
 41699 | Vaults:1 | Reached skill level 15 in Fire Magic
 41793 | Vaults:1 | Reached skill level 10 in Shields
 41798 | Vaults:1 | Reached XP level 18. HP: 114/114 MP: 31/39
 41920 | Vaults:1 | Found Toid's Armour Emporium.
 42112 | Vaults:1 | Reached skill level 17 in Conjurations
 46150 | Vaults:2 | Reached skill level 18 in Conjurations
 46873 | Vaults:3 | Found a staircase to the Crypt.
 46873 | Vaults:3 | Found an ancient bone altar of Kikubaaqudgha.
 46874 | Vaults:3 | Found a basalt altar of Yredelemnul.
 46915 | Vaults:3 | Reached XP level 19. HP: 121/121 MP: 31/40
 48184 | Vaults:3 | Got a polished cloak
 48195 | Vaults:3 | Identified the +1 cloak "Bekamoj" {rN++} (You found it on
                  | level 3 of the Vaults)
 48815 | Vaults:4 | Found Xiaraest's Assorted Antiques.
 48999 | Vaults:4 | Bought a pair of dazzling gloves for 370 gold pieces
 49009 | Vaults:4 | Identified the +1 pair of gloves of the Frog {rF+ rC++
                  | Slay+3} (You bought it in a shop on level 4 of the Vaults)
 49013 | Vaults:4 | Bought a scroll labeled BEZXUO KANGOACW for 39 gold pieces
 49013 | Vaults:4 | Bought a bloodstained ring mail for 351 gold pieces
 49023 | Vaults:4 | Identified the +2 ring mail of Gehenna {Regen+ Str+3} (You
                  | bought it in a shop on level 4 of the Vaults)
 49963 | Vaults:4 | Reached skill level 19 in Conjurations
 50521 | Vaults:4 | Reached skill level 15 in Fighting
 52342 | Orc:2    | Killed Rupert
 52625 | Orc:2    | Reached XP level 20. HP: 128/129 MP: 37/41
 52639 | Orc:2    | Found Vesumpao's General Store.
 52665 | Orc:2    | Found Huskac's Antique Weapon Shoppe.
 52775 | Orc:2    | Found a burning altar of Makhleb.
 52802 | Orc:2    | Found Umocw's Antique Armour Boutique.
 52888 | Orc:2    | Found Bulalo's Gadget Shoppe.
 52901 | Orc:2    | Found a staircase to the Elven Halls.
 52928 | Orc:2    | Found Fubaps's Jewellery Shop.
 52936 | Orc:2    | Bought the ring of Gozag's Brutal Revenge {*Drain +Blink
                  | +Fly rElec rN+ Stlth+} for 638 gold pieces
 53716 | Elf:1    | Entered Level 1 of the Elven Halls
 54191 | Elf:1    | Reached skill level 10 in Stealth
 55159 | Elf:2    | Found a glowing golden altar of the Shining One.
 55159 | Elf:2    | Found a glowing silver altar of Zin.
 55159 | Elf:2    | Found a ruined gateway.
 55166 | Elf:2    | Found a white marble altar of Elyvilon.
 55344 | Desolati | Entered the Desolation of Salt
 55478 | Desolati | Gained mutation: Your body sometimes deteriorates upon
                  | taking damage. [mutagenic glow]
 55566 | Desolati | Identified the amulet "Taarchiqa" {rC++ Regen+}
 55949 | Elf:2    | Found a huge runed translucent gate.
 55952 | Elf:2    | Found a huge runed translucent gate.
 55954 | Elf:2    | Found a huge runed translucent gate.
 55954 | Elf:2    | Found a huge runed translucent gate.
 55955 | Elf:2    | Found a huge runed translucent gate.
 58233 | Slime:1  | Entered Level 1 of the Pits of Slime
 58751 | Slime:2  | Reached XP level 21. HP: 97/134 MP: 37/42
 60629 | Slime:4  | Gained mutation: You tend to lose your temper in combat. [a
                  | shining eye]
 61385 | D:9      | Lost mutation: Your body sometimes deteriorates upon taking
                  | damage. [potion of mutation]
 61385 | D:9      | Lost mutation: You tend to lose your temper in combat.
                  | [potion of mutation]
 61385 | D:9      | Gained mutation: You are partially covered in thin metallic
                  | scales. (AC +2) [potion of mutation]
 61385 | D:9      | Gained mutation: You have supernaturally acute eyesight.
                  | (SInv) [potion of mutation]
 61542 | Slime:5  | Entered Level 5 of the Pits of Slime
 61706 | Slime:5  | Reached skill level 20 in Conjurations
 61832 | Slime:5  | Noticed the Royal Jelly
 62276 | Slime:5  | Killed the Royal Jelly
 62374 | Slime:5  | Found the +3 Elemental Staff {rElec rF++ rC++ MR++ AC+5}
 62552 | Slime:5  | Got a pair of dazzling boots
 62569 | Slime:5  | Identified the Grimoire of the Moth
 62584 | Slime:5  | Got a crystal short sword
 62609 | Slime:5  | Got a slimy rune of Zot
 62632 | Slime:5  | Identified the cursed +1 short sword "Luthien's Peril"
                  | {speed, Str+2 Int-4 Dex+2} (You found it on level 5 of the
                  | Pits of Slime)
 62657 | Slime:5  | Identified the cursed +0 pair of boots "Latwap" {rF++ rC+
                  | Int+4 Stlth-} (You found it on level 5 of the Pits of
                  | Slime)
 62661 | Slime:5  | Got a spiked scale mail
 62688 | Slime:5  | Identified the +3 scale mail "Timeif" {+Inv} (You found it
                  | on level 5 of the Pits of Slime)
 62745 | Slime:5  | Got a pair of translucent gloves
 62756 | Slime:5  | Identified the cursed +0 pair of gloves "Duag" {rElec
                  | Str+5} (You found it on level 5 of the Pits of Slime)
 62769 | Slime:5  | Got a translucent mace
 62968 | D:9      | Identified the cursed +1 mace of Joyful Slaughter {drain,
                  | rN+ Str+2 Dex+3} (You found it on level 5 of the Pits of
                  | Slime)
 63604 | Orc:2    | Bought a translucent long sword for 331 gold pieces
 63710 | D:9      | Identified the +7 long sword "Ulymef" {vorpal, rPois rC+
                  | Dex+3} (You bought it in a shop on level 2 of the Orcish
                  | Mines)
 63967 | Vaults:5 | Entered Level 5 of the Vaults
 63968 | Vaults:5 | Reached XP level 22. HP: 140/140 MP: 44/46
 63969 | Vaults:5 | Noticed a golden dragon
 63972 | Vaults:5 | Reached skill level 21 in Conjurations
 63986 | Vaults:4 | Killed a golden dragon
 64964 | D:15     | Entered Level 15 of the Dungeon
 64970 | D:15     | Noticed Luthien's ghost (adept DECj)
 65065 | D:15     | Found a runed translucent gate.
 65066 | D:15     | Found a runed translucent gate.
 65067 | D:15     | Found a runed translucent gate.
 65319 | D:15     | Found Velur's Jewellery Boutique.
 65736 | D:15     | Found a staircase to the Depths.
 66369 | D:9      | Learned a level 9 spell: Fire Storm
 66725 | D:15     | Killed Luthien's ghost
 66731 | D:15     | Reached skill level 1 in Armour
 66731 | D:15     | Reached skill level 1 in Evocations
 66815 | Depths:1 | Entered Level 1 of the Depths
 67546 | Depths:1 | Found a gateway to Hell.
 68200 | Depths:2 | Found a transporter.
 68200 | Depths:2 | Found a transporter.
 68228 | Depths:2 | Reached XP level 23. HP: 116/144 MP: 27/49
 68397 | Depths:2 | Found a one-way gate to the infinite horrors of the Abyss.
 68514 | Depths:2 | Noticed Nikola
 68518 | Depths:2 | Reached skill level 22 in Conjurations
 68531 | Depths:2 | Killed Nikola
 68614 | Depths:2 | Reached skill level 5 in Armour
 68628 | Depths:2 | Noticed Mara
 68856 | Depths:2 | Noticed Luthien's illusion
 68969 | Depths:2 | Killed Mara
 68978 | Depths:2 | Reached skill level 5 in Evocations
 69478 | Depths:2 | Found a one-way gate leading to the halls of Pandemonium.
 69609 | Depths:2 | Noticed Saint Roka
 69612 | Depths:2 | Killed Saint Roka
 69956 | Depths:3 | Found a magical portal.
 70118 | WizLab   | Entered Lehudib's Moon Base
 70194 | WizLab   | Found a transporter.
 70717 | WizLab   | Got a vibrating platinum ring
 71195 | WizLab   | Found a transporter.
 71350 | WizLab   | Identified the cursed +0 troll leather armour of the Wild
                  | Haggis {rPois Regen+ MP-9 Str+7 SInv}
 71646 | WizLab   | Killed from afar by a moon troll

Illustrated notes

Levels and vault maps discovered:
D:1:      dpeg_arrival_short_road, layout_basic, st_stairs_14,
          minmay_misc_feat_doors, chequers_serial_rivers_small_a
D:2:      layout_basic, dancing_weapons_uskayaw, serial_glass, glass_columns_c,
          glass_columns_b, glass_columns_a, uniq_natasha, uniq_robin
D:3:      layout_basic, nicolae_ru_awakened_eye, first_ration
D:4:      layout_rooms, lemuel_coloured_pillars_altar, kennysheep_mini,
          serial_shops, nicolae_shop_waterfront, corexii_hall_statues_x,
          kennysheep_generic_room_16, uniq_eustachio
D:5:      layout_basic, minmay_temple_entry_overgrown, uniq_menkaure,
          uniq_sigmund
D:6:      layout_basic, grunt_temple_overflow_open
D:7:      layout_loops_ring, basic_altar, serial_co_window_serial,
          co_window_paths_b, co_window_corner_a, co_window_paths_b,
          co_window_paths_b, co_window_paths_b, co_window_corner_b,
          co_window_of_opportunity_b, co_window_unsneaky_path_d,
          co_window_of_opportunity_c, co_window_broadway_b, co_window_paths_c,
          glass_columns_b
D:8:      layout_gridville, uniq_psyche, uniq_erica
D:9:      layout_stronghold, dpeg_oklobed_lair
D:10:     layout_loops_ring, serial_shops, shop, shop, shop, shop,
          grunt_ogre_cave, kennysheep_opposing_triangles
D:11:     kennysheep_ambush_hall, layout_loops_ring, orc_0_dummy, minmay_between
D:12:     layout_basic, uniq_gastronok, uniq_jorgrun
D:13:     layout_basic, ximxim_vaults_locker_room, serial_corexii_hall,
          chequers_hall_statues_y, corexii_hall_statues_t, serial_shops, shop,
          grunt_decor_one_mirror
D:14:     layout_rooms, chequers_mini_garden, serial_shops,
          nicolae_shop_waterfront
D:15:     hangedman_depths_entry_try_elsewhere_first, layout_basic,
          serial_shops, shop, maelrawn_ghost_gauntlet_escape,
          nrook_loot_triangle, lemuel_flame_loot_1
Lair:1:   layout_chaotic_city, minmay_lair_oklob_bushes, serial_bayou_ford_a,
          worms_lemuel
Lair:2:   layout_regular_city, minmay_swamp_entry_reptiles,
          lemuel_altar_in_water2, uniq_urug
Lair:3:   layout_cave_pods, spider_nest_entry_a
Lair:4:   layout_roguey, nicolae_quartered_pool_medium
Lair:5:   layout_long_grid, uniq_sonja
Lair:6:   wormcave, layout_gridlike, guppyfry_lair_end_dragon, slime_dummy,
          ebering_ghost_disaster_area, uniq_kirke, uniq_josephine
Swamp:1:  layout_basic_swamp, nicolae_swamp_feature_on_the_river_bank,
          swamp_pool1, nicolae_swamp_trees_clearing
Swamp:2:  layout_basic_swamp, hangedman_swamp_lotus
Swamp:3:  layout_basic_swamp, evilmike_swamp_ruin_house_1
Swamp:4:  swamp_fiery, layout_basic_swamp
Spider:1: layout_spider_delve
Spider:2: layout_spider_delve, gammafunk_ghost_split,
          hangedman_spider_tarantella_strand
Spider:3: layout_spider_delve
Spider:4: guppyfry_spider_rune
Slime:1:  layout_caves
Slime:2:  layout_caves
Slime:3:  layout_caves
Slime:4:  layout_caves
Slime:5
Orc:1:    layout_diamond_mine, nicolae_volcano_entry_two_sided
Orc:2:    grunt_orc_gardens, layout_caves, grunt_orc_garden, grunt_orc_garden,
          grunt_orc_garden, grunt_orc_garden, serial_shops,
          nicolae_shop_statue_plus, bloody_makhleb, uniq_rupert
Elf:1:    minmay_elf_crystal_hexagon, layout_geoelf_octagon, minivault_28
Elf:2:    layout_onion_city, portal_desolation_entry_holy_temple
Vaults:1: grunt_vaults_trifunnel, v_misc_18, vaults_mumra_hex,
          vaults_room_grunt_arrival_ludios, nicolae_vaults_shelves_hall,
          vaults_dpeg_doors, nicolae_vaults_network_quinsquares
          [nicolae_vaults_network_quincunx_subvault,
          nicolae_vaults_network_quincunx_subvault,
          nicolae_vaults_network_quincunx_subvault,
          nicolae_vaults_network_quincunx_subvault], ontoclasm_vaults_ligature,
          vaults_dpeg_hooks, layout_vaults_big_room, serial_shops,
          nicolae_shop_temple_entry_statues_fountains
Vaults:2: hangedman_vaults_maws, hangedman_vaults_hat, v_alt_pattern_5,
          nicolae_vaults_alarming, hangedman_vaults_corner_blocks,
          nicolae_vaults_little_squares_6, v_alt_pattern_3,
          hangedman_vaults_nodes, v_alt_pattern_6, ontoclasm_vaults_hangar,
          vaults_dpeg_encased_lava, nicolae_vaults_asterisk,
          hangedman_vaults_stretched_pinwheel, nicolae_vaults_shelves_hall,
          ontoclasm_vaults_gateway, layout_vaults_omnibox
Vaults:3: hangedman_vaults_maws, hangedman_vaults_hard_town_square,
          vaults_room_corners, minmay_crypt_entry_necro_gods,
          vaults_room_octagon, v_misc_29, hangedman_vaults_stretched_pinwheel,
          nicolae_vaults_network_barrier, vaults_dpeg_ring, vaults_room_pool,
          layout_vaults_ring
Vaults:4: v_rooms_2, nicolae_vaults_little_squares_4, dpeg_vaults_monster_row,
          vaults_room_door_hall, grunt_vaults_swirl, v_misc_29,
          vaults_standard_mumra_enter_the_diamond, layout_vaults_omnigrid,
          serial_shops, nicolae_shop_overgrown_old_shop
Vaults:5
Depths:1: layout_cave_pools, hell_entry, hangedman_decor_lopped, drop_trap,
          serial_sigils_hangedman_confine, minmay_microvault
Depths:2: gammafunk_jiyva_shrine, layout_long_grid, grunt_hell_entry_dis_mu,
          rand_demon_pan_entry_4, abyss_entry_small_statue_room, abandoned_shop,
          kennysheep_doodads, lemuel_flamethrower_2,
          infiniplex_staircase_pool_2, uniq_mara, uniq_saint_roka, uniq_nikola
Depths:3: minmay_the_grid_octo_tiled_octocenter
          [minmay_the_grid_octo_checkerflower, minmay_the_grid_octo_odd_swirl,
          minmay_the_grid_octo_shrine, minmay_the_grid_octo_teeth,
          minmay_the_grid_octo_prize_single_spiral,
          minmay_the_grid_square_5x5_eight, minmay_the_grid_square_5x5_shrine2,
          minmay_the_grid_square_5x5_broken_cross,
          minmay_the_grid_square_5x5_three], layout_honeycomb,
          nicolae_abyss_entry_one_way_or_another, grunt_pan_entry_in_and_out,
          kennysheep_decorative_pillar, mu_enter_wizlab_1, hell_entry
WizLab:   wizlab_lehudib

Skill      XL: |  1  2  3  4  5  6  7  8  9 10 11 12 13 14 15 16 17 18 19 20 21 22 23 |
---------------+----------------------------------------------------------------------+-----
Stealth        | 3 4 6 9 10 | 10.0
Dodging        | 3 5 8 9 |  9.0
Spellcasting   | 4 5 6 7 9 10 11 12 14 15 18 20 21 | 21.2
Conjurations   | 5 6 7 8 9 10 11 12 13 14 15 16 18 19 20 21 22 | 22.5
Fighting       | 1 2 3 4 6 8 9 10 11 12 13 14 15 | 15.0
Hexes          | 3 5 6 |  6.0
Translocations | 2 4 |  4.0
Shields        | 1 3 4 6 7 8 10 12 | 12.0
Fire Magic     | 6 10 12 13 15 16 18 19 20 | 20.0
Earth Magic    | 4 7 9 |  9.5
Transmutations | 4 |  4.0
Armour         | 4 6 |  6.0
Evocations     | 3 7 |  7.8

Action                   |  1- 3 |  4- 6 |  7- 9 | 10-12 | 13-15 | 16-18 | 19-21 | 22-24 || total
-------------------------+-------+-------+-------+-------+-------+-------+-------+-------++-------
Melee: Long sword        |       |       |       |     1 |       |       |       |       ||     1
       Trident           |       |       |       |     1 |     1 |    13 |       |       ||    15
       Demon whip        |       |       |       |       |       |     1 |    51 |       ||    52
       Staff             |       |       |       |       |       |       |       |    34 ||    34
Throw: Javelin           |       |       |       |       |       |       |     3 |       ||     3
 Cast: Magic Dart        |    52 |    70 |   119 |   152 |    41 |    29 |    21 |     7 ||   491
       Searing Ray       |     7 |    20 |    59 |   107 |    49 |    26 |    43 |    14 ||   325
       Fulminant Prism   |       |       |     4 |   102 |    54 |   120 |    87 |    65 ||   432
       Iskenderun's Myst |       |       |       |     4 |     5 |    15 |     4 |     1 ||    29
       Fireball          |       |       |       |       |   414 |   373 |   323 |   168 ||  1278
       Bolt of Magma     |       |       |       |       |    14 |   330 |   258 |    96 ||   698
       Irradiate         |       |       |       |       |       |     1 |    21 |    13 ||    35
       Ignition          |       |       |       |       |       |       |    16 |    16 ||    32
 Abil: Evoke Flight      |       |       |       |       |       |       |       |     1 ||     1
Evoke: Wand              |       |       |     1 |       |       |     2 |     1 |       ||     4
       Lightning rod     |       |       |       |       |       |       |     2 |     1 ||     3
  Use: Potion            |       |       |     1 |       |       |     3 |    14 |     6 ||    24
       Scroll            |       |       |       |    18 |    13 |     9 |    10 |    12 ||    62
  Eat: Chunk             |     2 |     8 |    14 |    31 |    34 |    36 |    29 |    15 ||   169
       Ration            |       |       |       |       |     2 |     3 |     8 |     3 ||    16
Armor: Robe              |     1 |     2 |     6 |    16 |     8 |       |       |       ||    33
       Swamp dragon scal |       |       |       |       |     7 |    98 |    68 |    91 ||   264
       Ring mail         |       |       |       |       |     7 |       |       |       ||     7
Dodge: Dodged            |     7 |     9 |    40 |    38 |    24 |   104 |    77 |    75 ||   374
Block: Buckler           |       |       |     9 |    33 |     3 |       |       |       ||    45
       Reflection        |       |       |       |     4 |       |       |       |       ||     4
       Kite shield       |       |       |       |       |    28 |   120 |   112 |   112 ||   372
       Rpst.: Long sword |       |       |       |     6 |       |       |       |       ||     6
